 Dungeon Crawl Stone Soup version 0.30-a0-168-g0b976cbdc4 (webtiles) character file.

Game seed: 6044684018683610111

738895 SuperHamster the Imperceptible (level 27, -8/193 HPs)
             Began as an Octopode Conjurer on Aug 27, 2022.
             Was an Initiate of Gozag.
             Mangled by a death knight
             ... wielding a +3 vampiric broad axe
             ... summoned by a shadow demon
             ... summoned by a dread lich
              (22 damage)
             ... on level 12 of a ziggurat on Sept 30, 2022.
             The game lasted 10:39:16 (175245 turns).

SuperHamster the Imperceptible (OpCj)             Turns: 175245, Time: 10:39:17

Health: -8/193     AC: 23    Str: 10 (15) XL:     27
Magic:  38/38      EV: 28    Int: 37 (38) God:    Gozag
Gold:   9369       SH: 18    Dex: 24      Spells: 4/48 levels left

rFire   + + +      SeeInvis +    G - +4 dagger "Curuaw" {venom, rN+ Will+ Dex+4}
rCold   + + +      Faith    .    i - +2 shield of Resistance {rF++ rC++ Will++}
rNeg    + + +      Spirit   .    d - +2 hat
rPois   ∞          Reflect  .    w - amulet of the Air {Inacc Air Fly rElec RMsl}
rElec   +          Harm     .    p - ring of Ycsocsu {rC++ rCorr Str+6 Int-3 Dex+8}
rCorr   +          Rampage  .    J - +6 ring of intelligence
Will    +++..                    t - ring of Veull {Wiz rPois rF+ rC+}
Stlth   ++++++++++               k - ring of Caleany {+Blink rF+}
HPRegen 0.42/turn                q - +4 ring of protection
MPRegen 0.26/turn                L - +4 ring of protection
                                 l - +4 ring of protection
                                 C - ring of the City {rN+ Int+5 SInv}

@: brilliant, lich-form, weak-willed, flying, very slightly contaminated,
studying 3 skills, repel missiles
A: draining attack, torment immunity, no potions, almost no armour, amphibious,
8 rings, camouflage 1, gelatinous body 1, (nimble swimmer 1), tentacles,
tentacle spike 1, iridescent scales 1, cold resistance 1, wild magic 1
}: 4/15 runes: decaying, serpentine, slimy, silver
a: End Transformation, Renounce Religion, Evoke Blink, Potion Petition, Call
Merchant, Bribe Branch


You were on level 12 of a ziggurat.
You worshipped Gozag.
Gozag was greatly pleased with you.
You were an undead lich.
You visited 15 branches of the dungeon, and saw 63 of its levels.
You visited the Abyss 5 times.
You visited 1 ziggurat, and saw 12 of its levels.
You also visited: Ossuary, Ice Cave and Wizlab.

You collected 40998 gold pieces.
You spent 6399 gold pieces at shops.
You paid 25230 gold pieces to Gozag.

Inventory:

Hand Weapons
 G - the +4 dagger "Curuaw" (weapon) {venom, rN+ Will+ Dex+4}
   (You took it off a meliai on level 2 of the Lair of Beasts)

   It poisons the flesh of those it strikes.
   Dex:       It affects your dexterity (+4).
   rN:        It protects you from negative energy.
   Will:      It increases your willpower.
Armour
 d - a +2 hat (worn)
 i - the +2 shield of Resistance (worn) {rF++ rC++ Will++}
   (You acquired it on level 10 of the Dungeon)

   rF:        It greatly protects you from fire.
   rC:        It greatly protects you from cold.
   Will:      It greatly increases your willpower.
Jewellery
 j - an amulet of magic regeneration
 k - the ring of Caleany (on tentacle) {+Blink rF+}
   (You acquired it on level 1 of the Snake Pit)

   [ring of protection from fire]

   rF:        It protects you from fire.
   +Blink:    It lets you blink.
 l - a +4 ring of protection (on tentacle)
 o - the ring "Vuhait" {rF+ rN+ Int+4 Slay-6 Stlth+}
   (You found it on level 6 of a ziggurat)

   [ring of protection from fire]

   Int:       It affects your intelligence (+4).
   Slay:      It affects your accuracy & damage with ranged weapons and melee
   (-6).
   rF:        It protects you from fire.
   rN:        It protects you from negative energy.
   Stlth:     It makes you more stealthy.
 p - the ring of Ycsocsu (left tentacle) {rC++ rCorr Str+6 Int-3 Dex+8}
   (You bought it in a shop on level 10 of the Dungeon)

   [ring of strength]

   Str:       It affects your strength (+6).
   Int:       It affects your intelligence (-3).
   Dex:       It affects your dexterity (+8).
   rC:        It greatly protects you from cold.
   rCorr:     It protects you from acid and corrosion.
 q - a +4 ring of protection (on tentacle)
 t - the ring of Veull (on tentacle) {Wiz rPois rF+ rC+}
   (You bought it in a shop on level 10 of the Dungeon)

   [ring of wizardry]

   It improves your spell success rate.
   rF:        It protects you from fire.
   rC:        It protects you from cold.
   rPois:     It protects you from poison.
 w - the amulet of the Air (around mantle) {Inacc Air Fly rElec RMsl}
   (You found it on level 5 of the Pits of Slime)

   [amulet of nothing]

   It reduces the accuracy of all your attacks.
   It enhances your air magic.
   rElec:     It insulates you from electricity.
   Fly:       It grants you flight.
   RMsl:      It protects you from missiles.
 C - the ring of the City (on tentacle) {rN+ Int+5 SInv}
   (You found it on level 10 of a ziggurat)

   [ring of see invisible]

   Int:       It affects your intelligence (+5).
   rN:        It protects you from negative energy.
   SInv:      It lets you see invisible.
 J - a +6 ring of intelligence (right tentacle)
 L - a +4 ring of protection (on tentacle)
Wands
 X - a wand of quicksilver (17)
Scrolls
 c - 22 scrolls of teleportation
 e - a scroll of amnesia
 r - 4 scrolls of magic mapping
 A - a scroll of poison
 E - 12 scrolls of fog
 P - 2 scrolls of fear
Potions
 a - a potion of magic
 b - 4 potions of ambrosia
 f - 39 potions of curing
 g - 8 potions of haste
 h - 10 potions of cancellation
 s - 19 potions of heal wounds
 x - 4 potions of invisibility
 B - 2 potions of mutation
 F - 11 potions of lignification
Miscellaneous
 n - a tin of tremorstones (inert)
 v - a phial of floods
 y - a condenser vane (inert)
 z - a box of beasts
 D - a lightning rod (3/4)


   Skills:
 - Level 17.4 Fighting
 - Level 17.6 Dodging
 - Level 23.9 Stealth
 - Level 16.8 Shields
 - Level 11.2 Spellcasting
 - Level 18.0 Conjurations
 - Level 16.2 Summonings
 - Level 19.5 Necromancy
 - Level 8.4 Translocations
 - Level 19.5 Transmutations
 * Level 8.0 Fire Magic
 - Level 21.4 Earth Magic
 - Level 2.1 Evocations


You had 4 spell levels left.
You knew the following spells:

 Your Spells              Type           Power      Damage    Failure   Level
b - Lehudib's Crystal Sp  Conj/Erth      72%        10d16     4%          8
l - Spellforged Servitor  Conj/Summ      68%        N/A       1%          7
n - Necromutation         Tmut/Necr      85%        N/A       4%          8
o - Orb of Destruction    Conj           70%        9d16      1%          7
s - Statue Form           Tmut/Erth      98%        N/A       1%          6
I - Ignition              Fire           51%        3d14      96%         8

Your spell library contained the following spells:

 Spells                   Type           Power      Damage    Failure   Level
 Beastly Appendage        Tmut           100%       N/A       1%          1
 Foxfire                  Conj/Fire      100%       2x1d9     1%          1
 Magic Dart               Conj           100%       1d8       1%          1
 Necrotise                Necr           100%       1d9       1%          1
 Sandblast                Erth           100%       2d20      1%          1
 Shock                    Conj/Air       100%       1d9       1%          1
 Sting                    Tmut/Pois      100%       1d8       1%          1
 Summon Small Mammal      Summ           100%       N/A       1%          1
 Cigotuvi's Dreadful Rot  Necr/Pois/Air  100%       N/A       1%          2
 Passwall                 Tmut/Erth      100%       N/A       1%          2
 Scorch                   Fire           100%       2d10      1%          2
 Searing Ray              Conj           100%       2d8       1%          2
 Static Discharge         Conj/Air       100%       2-7/arc   1%          2
 Sublimation of Blood     Necr           100%       N/A       1%          2
 Wereblood                Tmut           100%       N/A       1%          2
 Call Canine Familiar     Summ           100%       N/A       1%          3
 Dazzling Flash           Conj/Hex       100%       N/A       1%          3
 Gell's Gravitas          Tloc           100%       N/A       1%          3
 Hailstorm                Conj/Ice       100%       3d20      1%          3
 Ignite Poison            Fire/Tmut/Pois 100%       N/A       1%          3
 Inner Flame              Hex/Fire       78%        N/A       1%          3
 Kindle Blastsparks       Fire/Tloc/Air  100%       2d18      1%          3
 Lesser Beckoning         Tloc           100%       N/A       1%          3
 Mephitic Cloud           Conj/Pois/Air  100%       N/A       1%          3
 Portal Projectile        Hex/Tloc       100%       N/A       1%          3
 Spider Form              Tmut/Pois      100%       N/A       1%          3
 Stone Arrow              Conj/Erth      100%       3d13      1%          3
 Summon Guardian Golem    Hex/Summ       100%       N/A       1%          3
 Teleport Other           Tloc           100%       N/A       1%          3
 Vampiric Draining        Necr           100%       2d13      1%          3
 Anguish                  Hex/Necr       67%        N/A       1%          4
 Dispel Undead            Necr           100%       3d31      1%          4
 Flame Wave               Conj/Fire      100%       2d21      1%          4
 Fulminant Prism          Conj/Hex       53%        3d23      1%          4
 Ice Form                 Ice/Tmut       100%       N/A       1%          4
 Iskenderun's Mystic Bla  Conj/Tloc      100%       2d19      1%          4
 Leda's Liquefaction      Hex/Erth       57%        N/A       1%          4
 Passage of Golubria      Tloc           100%       N/A       1%          4
 Sticky Flame             Conj/Fire      100%       2d11      1%          4
 Summon Ice Beast         Ice/Summ       100%       N/A       1%          4
 Freeze                   Ice            100%       1d11      2%          1
 Slow                     Hex            100%       N/A       2%          1
 Ensorcelled Hibernation  Hex/Ice        80%        N/A       3%          2
 Poisonous Vapours        Pois/Air       100%       N/A       3%          2
 Confusing Touch          Hex            40%        N/A       6%          3
 Frozen Ramparts          Ice            80%        1d13      6%          3
 Ozocubu's Armour         Ice            40%        N/A       6%          3
 Swiftness                Air            57%        N/A       6%          3
 Tukima's Dance           Hex            40%        N/A       6%          3
 Airstrike                Air            28%        2d(5-21)  16%         4
 Olgreb's Toxic Radiance  Pois           40%        N/A       16%         4
 Agony                    Necr           100%       N/A       1%          5
 Alistair's Intoxication  Tmut/Pois      73%        N/A       1%          5
 Blade Hands              Tmut           72%        N/A       1%          5
 Borgnjor's Vile Clutch   Necr/Erth      86%        N/A       1%          5
 Fireball                 Conj/Fire      61%        3d23      1%          5
 Irradiate                Conj/Tmut      71%        3d35      1%          5
 Iskenderun's Battlesphe  Conj           100%       2d15      1%          5
 Lee's Rapid Deconstruct  Erth           74%        3d34*     1%          5
 Lightning Bolt           Conj/Air       65%        1d89      1%          5
 Summon Forest            Summ/Tloc      60%        N/A       1%          5
 Yara's Violent Unravell  Hex/Tmut       55%        3d21      1%          5
 Death Channel            Necr           85%        N/A       1%          6
 Iron Shot                Conj/Erth      72%        9d13      1%          6
 Starburst                Conj/Fire      61%        6d16      1%          6
 Summon Cactus Giant      Summ           67%        N/A       1%          6
 Dragon Form              Tmut           72%        N/A       1%          7
 Summon Mana Viper        Hex/Summ       100%       N/A       2%          5
 Monstrous Menagerie      Summ           67%        N/A       2%          7
 Summon Hydra             Summ           67%        N/A       2%          7
 Freezing Cloud           Conj/Ice/Air   56%        6-21      4%          5
 Borgnjor's Revivificati  Necr           85%        N/A       4%          8
 Infestation              Necr           85%        N/A       4%          8
 Eringya's Noxious Bog    Tmut/Pois      55%        N/A       5%          6
 Dispersal                Tloc           52%        N/A       9%          6
 Storm Form               Tmut/Air       67%        N/A       24%         7
 Metabolic Englaciation   Hex/Ice        20%        N/A       38%         5
 Silence                  Hex/Air        28%        N/A       38%         5
 Death's Door             Necr           85%        N/A       45%         9
 Disjunction              Tloc           52%        N/A       95%         8
 Enfeeble                 Hex            20%        N/A       100%        7
 Ozocubu's Refrigeration  Ice            20%        4d11      100%        7
 Maxwell's Capacitive Co  Air            28%        ∞         100%        8
 Polar Vortex             Ice            20%        N/A       100%        9
 Animate Armour           Summ/Erth      Unusable   N/A       N/A         4
 Animate Dead             Necr           Unusable   N/A       N/A         4
 Simulacrum               Ice/Necr       Unusable   N/A       N/A         6

Dungeon Overview and Level Annotations

Branches:
Dungeon (15/15) Zot: 23606  Temple (1/1) D:6 Zot: 5830    Lair (5/5) D:10 Zot: 9335
  Swamp (4/4) Lair:2 Zot: 12841   Snake (4/4) Lair:2 Zot: 6695   Slime (5/5) Lair:4 Zot: 23943
    Orc (2/2) D:12 Zot: 8880     Elf (3/3) Orc:2 Zot: 8324  Vaults (5/5) D:14 Zot: 5679
  Crypt (3/3) Vaults:3 Zot: 7148    Tomb (1/3) Crypt:3 Zot: 3108  Depths (4/4) D:15 Zot: 4586
   Hell (visited)             Dis (0/7) Hell            Geh (0/7) Hell
    Coc (5/7) Hell Zot: 26787     Tar (0/7) Hell            Zot (5/5) Depths:4 Zot: 16500
Ossuary (visited)           IceCv (visited)          WizLab (visited)

Altars:
Ashenzari
Cheibriados
Dithmenos
Elyvilon
Fedhas
Gozag
Hepliaklqana
Kikubaaqudgha
Makhleb
Nemelex Xobeh
Okawaru
Qazlal
Ru
Sif Muna
Trog
Uskayaw
Vehumet
Wu Jian
Xom
Yredelemnul
Zin
The Shining One
Jiyva

Shops:
D:8 !   D:10 ?**::=*?(*=?   Orc:1 ?   Orc:2 [[*(   Elf:1 *(   Elf:3 (
Snake:2 *=*   Snake:4 :=:   Vaults:1 (   Depths:4 !

Portals:
Hell: Depths:1 Depths:2 Depths:3 Depths:4
Abyss: Depths:3
Pandemonium: Depths:2 Depths:4

Annotations:
D:7 2 transporters, exclusion: oklob plant, Adrian566's ghost, novice OpFi
Depths:4 3 runed translucent doors, Coqe's ghost, adept DrCj; Oleutuy's ghost, veteran SpVM; Ryaff's ghost, adept FeVM
Zot:5 1 exclusion


Innate Abilities, Weirdness & Mutations

You are an undead lich.
Your unarmed attacks are suffused with negative energy.
You are immune to unholy pain and torment.
Your necromantic spells are more powerful.
You cannot drink.
You are immune to poison.
You cannot wear most types of armour.
You are amphibious.
You can wear up to eight rings at the same time.
Your skin changes colour to match your surroundings (Stealth+).
Your rubbery body absorbs attacks. (AC +1, EV +1)
((You are camouflaged when in or above water. (Stealth+)))
You have tentacles for arms and can constrict up to eight enemies at once.
One of your tentacles bears a spike.
You are partially covered in iridescent scales. (AC +2)
Your flesh is cold resistant. (rC+)
Your spells are a little harder to cast, but a little more powerful.


Message History

* * * LOW HITPOINT WARNING * * *
The caustic shrike simulacrum freezes you.
You resist.
* * * LOW HITPOINT WARNING * * *
The bone dragon bites you but does no damage.
The bone dragon misses you. The bone dragon closely misses you.
The vampire knight hits you with a +6 broad axe!
* * * LOW HITPOINT WARNING * * *
You block the vampire knight's attack. The eidolon closely misses you. x2
The dread lich touches you!
* * * LOW HITPOINT WARNING * * *
The vampire mage mumbles some strange words.
You block the shadow demon's attack.
Cornered, the death knight turns to fight!
The eidolon attacks as you move away! You block the eidolon's attack. x2
The vampire mage's inner flame fades away.
The juggernaut zombie is engulfed in blazing flames.
You block the caustic shrike simulacrum's attack.
The bone dragon completely misses you. x2; The bone dragon barely misses you.
The soul eater is engulfed in blazing flames.
Flame seeps out of the soul eater.
The death knight completely misses you. The phantasmal warrior gestures at you.
The phantasmal warrior blinks!
There is a gate leading back out of this place here.
You see here 32 gold pieces.
Are you sure you want to leave this ziggurat?
Okay, then.
Unknown command.
Are you sure you want to leave this ziggurat?
The curse skull rattles its jaw.
You block the caustic shrike simulacrum's attack.
The shadow dragon skeleton is engulfed in blazing flames.
The phantasmal warrior gestures at you.
The phantasmal warrior blinks!
You block the vampire knight's attack.
The vampire knight bites you but does no damage.
You block the bone dragon's attack. x2; The bone dragon completely misses you.
The caustic shrike simulacrum barely misses you.
The death knight hits you with a +3 vampiric broad axe!!
You die...
Your body crumbles into a pile of gold.

▓▓▓▓▓▓▓▓▓▓▓
▓▓Z........▓▓
▓▓§≈≈Z....≈≈≈▓▓
▓▓|≈8≈M...n§8≈.▓
▓▓WnW§≈Z..W§W≈≈..
▓▓WzZWWZ.z.V§.....
▓▓§zZVZV3z.$.Z.....
▓VDZ32WVWz.........
▓▓LLWW3ZZW.........
▓▓pWV2ZzW.....§...
▓▓WVWW≈.....≈§§§.
▓▓1§8§.....≈8≈§▓
▓▓§≈§.....≈§≈▓▓
▓▓.§.......▓▓
▓▓▓▓▓▓▓▓▓▓▓


You could see a bone dragon (summoned), a dread lich (fast, invisible), a
Tzitzimitl (summoned), a revenant, a death knight (summoned), 2 vampire knights,
2 eidola, an ancient champion, 3 soul eaters, 2 flayed ghosts, 2 shadow demons,
3 vampire magi, 3 shadow wraiths, 2 curse skulls, a phantasmal warrior
(summoned), 2 freezing wraiths, a vampire (summoned), 3 wraiths, a necrophage
(summoned), 2 shadows, a mummy (summoned), a wight (summoned), an iron dragon
simulacrum (summoned), a titan simulacrum (summoned), a glowing shapeshifter
simulacrum (summoned), a caustic shrike simulacrum (summoned), an iron dragon
zombie (summoned), a spriggan defender zombie (summoned), a tengu reaver zombie
(summoned), a juggernaut zombie (summoned, expiring), a shadow dragon skeleton
(summoned), an iron dragon skeleton (summoned) and a glowing shapeshifter
skeleton (summoned).

Vanquished Creatures
  4 dread liches
  Mennas (Crypt:1)
  Vashnia (Snake:2)
  A shard shrike (Coc:2)
  5 golden dragons
  3 caustic shrikes (Depths:4)
  An iron giant (Hell)
  A bone dragon (Crypt:3)
  Mlioglotl (Swamp:1)
  A tainted leviathan (Hell)
  Rupert (D:11)
  9 tentacled monstrosities
  7 liches
  Zenata (Crypt:2)
  An Ice Fiend (Coc:2)
  An Orb Guardian (Zot:4)
  3 titans
  16 acid blobs
  A deep elf blademaster (Elf:3)
  A walking frostbound tome (Depths:3)
  4 death cobs
  2 deep elf master archers (Elf:3)
  2 tentacled starspawn
  8 ancient champions
  6 sphinxes
  Frances (D:12)
  3 quicksilver dragons
  3 azure jellies
  2 thorn hunters (WizLab)
  3 shadow dragons
  2 rockslimes
  7 tengu reavers
  9 storm dragons
  4 revenants
  A draconian monk (Zig:9)
  Roxanne (Swamp:3)
  A fenstrider witch (Swamp:3)
  7 draconian knights
  4 fire giants
  14 vault wardens
  6 nagarajas (Snake:4)
  3 draconian scorchers
  7 frost giants
  2 deep elf sorcerers
  Louise (Swamp:2)
  A balrug (Depths:1)
  4 narguns
  4 draconian shifters
  An orc warlord (Vaults:3)
  6 ghost moths
  7 curse skulls
  7 ghouls
  A spriggan defender (Depths:3)
  5 quicksilver oozes
  16 ironbound preservers
  A war gargoyle (Vaults:5)
  A demonspawn corrupter (Zig:4)
  2 draconian stormcallers
  2 draconian annihilators
  12 very ugly things
  4 vampire knights
  9 green draconians
  4 ironbound thunderhulks
  7 stone giants
  A deep elf demonologist (Elf:3)
  2 bennus (Tomb:1)
  An eleionoma (Swamp:3)
  Nessos (D:14)
  A bunyip (Swamp:4)
  2 red draconians
  3 entropy weavers
  2 putrid mouths
  2 deep elf annihilators
  4 wendigos
  A dire elephant (Vaults:1)
  A lorocyproca (Depths:1)
  6 spark wasps
  3 purple draconians
  4 elemental wellsprings
  A white draconian (Zot:1)
  6 black draconians
  5 yellow draconians
  5 eidola
  4 ettins
  4 deep elf death magi
  3 fire dragons
  An iron golem (Hell)
  3 deep elf high priests (Elf:3)
  3 mummy priests
  9 yaktaur captains
  A shambling mangrove (Swamp:4)
  4 great orbs of eyes
  2 jiangshi
  5 ice dragons
  A spriggan zombie (Crypt:3)
  5 juggernaut simulacra
  A quicksilver dragon skeleton (Crypt:1)
  Erolcha (Orc:1)
  5 salamander tyrants (Snake:4)
  20 vault guards
  A rakshasa (Depths:2)
  A caustic shrike simulacrum (Coc:1)
  2 spriggan air magi
  2 boulder beetles
  6 naga warriors
  3 ogre magi
  14 two-headed ogres
  6 ironbound frosthearts
  A catoblepas (Lair:5)
  26 hydras
  A jorogumo (Zig:10)
  12 anacondas
  A fenstrider witch skeleton (Crypt:2)
  13 dancing weapons
  2 deep troll shamans
  4 centaur warriors
  3 death knights
  3 alligators
  2 tengu warriors
  7 death scarabs (Tomb:1)
  8 death yaks
  3 shock serpents
  6 vampire magi
  2 deep troll earth magi
  A thrashing horror (Zig:4)
  Nergalle (Lair:2)
  A large abomination (Zig:4)
  17 naga sharpshooters
  4 hell knights
  2 pharaoh ants (Zig:10)
  6 shadow wraiths
  Lodul (D:11)
  3 sun demons (Depths:1)
  A wretched star (Abyss:2)
  5 deep elf knights
  6 goliath frogs
  3 salamander mystics
  A fire crab (Lair:3)
  3 skeletal warriors
  2 sea snakes (Snake:2)
  7 spriggan druids
  9 naga ritualists
  A deep troll (shapeshifter) (Vaults:5)
  5 flayed ghosts
  A spark wasp zombie (Crypt:1)
  2 orb spiders (Zig:10)
  2 quicksilver dragon simulacra
  8 deep elf archers
  10 swamp dragons
  A harpy (Vaults:3)
  5 spriggan simulacra
  3 bog bodies
  40 deep trolls
  2 obsidian statues (Zig:9)
  A necromancer (Vaults:3)
  11 ironbound convokers
  3 wizards
  9 lindwurms
  15 deep elf pyromancers
  An orange crystal statue (Zig:9)
  8 orc knights
  Pikel (D:9)
  29 deep elf zephyrmancers
  9 mana vipers
  An oklob plant (WizLab)
  2 phantasmal warriors
  3 orc sorcerers
  A faun (WizLab)
  A shining eye (Slime:5)
  A stone giant zombie (Crypt:2)
  8 ugly things
  7 cyclopes
  3 will-o-the-wisps
  2 manticores (D:14)
  A dire elephant zombie (Crypt:3)
  11 salamanders
  8 moths of wrath
  Maurice (D:13)
  39 black mambas
  10 elephants
  A titan simulacrum (Coc:1)
  A rust devil (Hell)
  A stone giant skeleton (Abyss:1)
  A centaur zombie (Crypt:3)
  14 vault sentinels
  A smoke demon (Abyss:2)
  A molten gargoyle (Depths:1)
  18 naga magi
  2 gargoyles (D:12)
  6 guardian serpents
  14 cane toads
  A cane toad (shapeshifter) (D:15)
  2 unseen horrors
  A yaktaur (shapeshifter) (Elf:3)
  6 torpor snails
  6 rime drakes
  2 bunyip simulacra (Coc:1)
  2 hellions
  6 nameless horrors
  An efreet (D:15)
  2 ancient zymes (Abyss:2)
  A hellwing (Abyss:2)
  2 kobold demonologists
  2 freezing wraiths
  9 komodo dragons
  2 tengu conjurers
  3 demonic crawlers (Zig:10)
  2 ice devils (Depths:1)
  A tormentor (Coc:1)
  19 yaktaurs
  A hydra zombie (Hell)
  11 tyrant leeches
  13 trolls
  2 iron giant simulacra
  A polar bear (shapeshifter) (D:13)
  A queen bee (Lair:2)
  A bloated husk (Swamp:4)
  7 meliai
  A green draconian skeleton (Crypt:1)
  A silent spectre (Abyss:1)
  A queen bee (shapeshifter) (D:14)
  13 hornets
  31 slime creatures
  19 blink frogs
  Prince Ribbit (D:9)
  An ettin zombie (Crypt:1)
  2 iron dragon simulacra (Coc:1)
  6 dream sheep (Lair:5)
  Sigmund (D:2)
  An alligator zombie (Crypt:1)
  A jumping spider (Zig:10)
  A culicivora (Zig:10)
  2 stone giant simulacra
  2 centaur simulacra (Coc:1)
  3 shadows
  2 air elementals (Elf:3)
  A ynoxinul (Abyss:1)
  Eustachio (D:4)
  A flying skull (Crypt:1)
  4 wraiths
  52 yaks
  A small abomination (Abyss:2)
  13 spriggans
  A water elemental (Depths:1)
  3 wyverns
  An ushabti (Crypt:3)
  3 steam dragons
  16 humans (D:13)
  A human simulacrum (Vaults:3)
  5 fire elementals
  5 redbacks
  15 vampire mosquitoes
  10 basilisks
  A neqoxec (Abyss:2)
  An alligator snapping turtle simulacrum (Coc:1)
  A warg (Orc:1)
  A minotaur simulacrum (Coc:1)
  A redback simulacrum (D:15)
  59 nagas
  3 acid dragons
  3 harpy simulacra
  11 swamp worms
  A cane toad zombie (Crypt:2)
  18 water moccasins
  2 floating eyes
  23 orc warriors
  9 swamp drakes
  3 ice beasts
  3 sky beasts
  4 black bears
  6 wolves
  31 ogres
  An ogre (shapeshifter) (Elf:1)
  8 boggarts
  4 centaurs
  3 phantoms
  A dream sheep skeleton (Crypt:2)
  4 kobold brigands
  3 gnoll sergeants
  13 bullfrogs
  2 scorpions
  6 necrophages
  An elf zombie (Ossuary)
  A glowing shapeshifter simulacrum (Depths:2)
  An earth elemental (Elf:1)
  3 wyvern skeletons (Crypt:3)
  15 wights
  27 killer bees
  3 howler monkeys
  2 electric eels
  A lava snake (D:8)
  10 starcursed masses
  A wolf skeleton (Crypt:1)
  15 orc priests
  A hound (D:5)
  2 jellies
  Crazy Yiuf (D:2)
  A gnoll bouda (D:8)
  13 iguanas
  2 human zombies (Ossuary)
  Jessica (D:2)
  20 orc wizards
  Natasha (thrice) (D:3)
  A boggart zombie (Crypt:1)
  5 hell rats (Depths:1)
  A deep dwarf skeleton (Crypt:1)
  3 mummies
  Robin (D:4)
  9 adders
  An adder (shapeshifter) (Vaults:4)
  20 gnolls
  A shadow imp (D:6)
  A white imp (D:7)
  3 ufetubi
  3 adder zombies (Ossuary)
  4 worms
  5 dart slugs
  53 orcs
  8 endoplasms
  2 giant cockroaches
  17 goblins
  14 hobgoblins
  9 jackals
  3 quokkas
  11 ball pythons
  A bat (D:1)
  3 frilled lizards
  2 goblin zombies (Ossuary)
  9 hobgoblin zombies (Ossuary)
  A jackal zombie (Ossuary)
  21 kobolds
  4 kobold zombies (Ossuary)
  12 orc zombies (Ossuary)
  7 rats
  2 rat zombies (Ossuary)
  2 fulminant prisms
  2 starspawn tentacles (Zig:4)
1828 creatures vanquished.

Vanquished Creatures (collateral kills)
  the Royal Jelly (Slime:5)
  An ancient lich (Coc:3)
  2 orbs of fire (Zot:2)
  3 juggernauts
  Josephina (Zot:2)
  Sojobo (Depths:1)
  A Killer Klown (Zot:5)
  Bai Suzhen (Depths:1)
  3 shard shrikes
  Xtahua (Vaults:3)
  4 caustic shrikes
  Geryon (Hell)
  9 golden dragons
  2 bone dragons
  A profane servitor (Crypt:3)
  4 electric golems
  14 tentacled monstrosities
  3 deep elf blademasters
  5 Orb Guardians
  6 quicksilver dragons
  5 liches
  5 titans
  8 tentacled starspawn
  12 acid blobs
  7 quicksilver oozes
  2 ancient champions
  2 Executioners
  A thorn hunter (WizLab)
  3 death cobs
  4 deep elf master archers
  4 tengu reavers
  5 sphinxes (Tomb:1)
  A revenant (Crypt:2)
  6 shadow dragons
  3 fenstrider witches (WizLab)
  A fenstrider witch (shapeshifter) (Vaults:5)
  8 storm dragons
  5 fire giants
  9 azure jellies
  7 rockslimes
  7 draconian monks
  10 frost giants
  3 draconian knights
  8 draconian scorchers
  10 deep elf sorcerers
  3 iron dragons
  A cacodemon (Depths:1)
  4 draconian shifters
  6 vault wardens
  8 draconian stormcallers
  2 ghouls
  A caustic shrike zombie (Crypt:3)
  A juggernaut zombie (Crypt:3)
  A balrug (Depths:2)
  2 orc warlords
  A curse skull (Crypt:3)
  A spriggan defender (Depths:3)
  3 deep elf elementalists (Elf:3)
  4 reapers
  2 ironbound preservers
  A juggernaut skeleton (Abyss:2)
  18 stone giants
  2 war gargoyles (Vaults:5)
  2 ironbound thunderhulks
  4 draconian annihilators
  14 very ugly things
  3 deep elf demonologists
  A vampire knight (Crypt:1)
  12 black draconians
  2 eleionomae (WizLab)
  An elemental wellspring (Coc:4)
  11 green draconians
  14 purple draconians
  2 putrid mouths
  12 yellow draconians
  3 wendigos
  12 red draconians
  9 spark wasps
  6 white draconians
  6 deep elf annihilators
  2 deep elf death magi
  2 iron golems (Hell)
  4 ettins
  5 mummy priests (Tomb:1)
  8 eidola
  A shambling mangrove (WizLab)
  2 merfolk impalers (Depths:4)
  A spriggan zombie (Crypt:3)
  7 deep elf high priests
  4 ice dragons
  7 jiangshi
  6 fire dragons
  2 blizzard demons
  A rakshasa (Depths:1)
  10 great orbs of eyes
  A boulder beetle (Vaults:2)
  An entropy weaver (Zig:10)
  3 juggernaut simulacra
  A quicksilver dragon skeleton (Crypt:2)
  A hell beast (Depths:2)
  7 yaktaur captains
  8 vault guards
  3 caustic shrike simulacra
  4 ogre magi (Vaults:5)
  5 spriggan air magi
  7 centaur warriors
  21 death scarabs (Tomb:1)
  3 two-headed ogres (Vaults:5)
  3 ironbound frosthearts
  3 death knights
  2 satyrs (WizLab)
  14 dancing weapons
  3 tengu warriors (Depths:3)
  2 vampire magi
  3 hell hogs (Hell)
  4 spriggan berserkers
  2 naga warriors
  9 deep troll earth magi
  3 naga sharpshooters
  5 thrashing horrors
  7 deep troll shamans
  An orc high priest (Elf:1)
  2 shock serpents
  2 sun demons (Depths:1)
  8 deep elf knights
  10 hell knights
  5 wretched stars
  4 soul eaters
  4 iron trolls
  3 fire crabs (Zig:3)
  A shadow wraith (Crypt:1)
  A storm dragon zombie (Crypt:3)
  3 glowing orange brains
  A goliath frog (shapeshifter) (Vaults:5)
  4 sixfirhies
  24 skeletal warriors
  A naga ritualist (Zig:6)
  A salamander mystic (Depths:2)
  A spatial maelstrom (Abyss:2)
  16 deep trolls
  An entropy weaver zombie (Crypt:2)
  A flayed ghost (Crypt:3)
  An obsidian statue (IceCv)
  A tengu zombie (Depths:1)
  8 deep elf archers
  19 phantasmal warriors
  5 ironbound convokers
  5 spriggan simulacra
  2 lindwurms (Vaults:4)
  20 deep elf zephyrmancers
  64 starcursed masses
  5 necromancers
  6 orc knights
  An orange crystal statue (IceCv)
  18 deep elf pyromancers
  4 harpies (Vaults:3)
  A wizard (Depths:2)
  An oklob plant (WizLab)
  A will-o-the-wisp (Abyss:2)
  A jorogumo skeleton (Crypt:2)
  7 shining eyes
  A shadow dragon skeleton (Depths:2)
  An iron dragon zombie (Depths:1)
  18 ugly things
  3 fauns (WizLab)
  A faun (shapeshifter) (Depths:3)
  2 cyclopes (D:15)
  3 worldbinders
  A shining eye (shapeshifter) (Depths:3)
  18 moths of wrath
  A titan simulacrum (Coc:4)
  2 black mambas (Zig:6)
  2 centaur zombies (Crypt:3)
  4 salamanders
  A frost giant skeleton (Depths:1)
  An ice statue (Zig:9)
  A naga mage (Zig:6)
  6 vault sentinels
  3 molten gargoyles
  2 guardian serpents
  A storm dragon simulacrum (Zot:2)
  13 smoke demons
  4 rust devils
  2 dire elephant zombies (Crypt:3)
  An alligator snapping turtle zombie (Crypt:2)
  An eye of devastation (Abyss:2)
  A dire elephant skeleton (Abyss:2)
  3 demonic crawlers
  2 hellions
  3 orange demons
  11 yaktaurs
  A tormentor (Coc:4)
  2 hydra zombies
  3 tengu conjurers
  An iron giant simulacrum (Coc:4)
  An alligator snapping turtle skeleton (Crypt:2)
  14 freezing wraiths
  A sea snake zombie (Hell)
  8 ice devils
  A spriggan skeleton (Depths:1)
  An anaconda simulacrum (IceCv)
  A red devil (Hell)
  A ghost moth simulacrum (Zot:2)
  3 ancient zymes
  10 guardian mummies
  2 harpy zombies
  A hornet (Depths:2)
  5 hydra skeletons (Hell)
  3 raiju (Abyss:2)
  A harpy skeleton (Crypt:2)
  64 slime creatures
  A tarantella (shapeshifter) (Depths:2)
  2 iron dragon simulacra
  2 draconian simulacra (Zot:2)
  A stone giant simulacrum (Coc:3)
  23 flying skulls
  A fire giant simulacrum (Depths:1)
  2 jumping spiders (Crypt:3)
  A spriggan (Depths:2)
  2 ynoxinuls (Abyss:2)
  2 dire elephant simulacra
  6 wraiths
  2 air elementals
  2 ushabtiu
  7 water elementals
  A centaur simulacrum (Coc:2)
  A shadow (Crypt:3)
  2 neqoxecs (Abyss:2)
  An alligator snapping turtle simulacrum (Coc:3)
  3 fire elementals
  2 minotaur simulacra (IceCv)
  7 golden eyes
  6 redbacks
  3 chaos spawn (Abyss:2)
  2 wargs
  20 small abominations
  21 large abominations
  A harpy simulacrum (IceCv)
  4 nagas
  3 hydra simulacra
  A glowing shapeshifter skeleton (Depths:2)
  A hell hound (Abyss:2)
  13 orc warriors
  An ettin simulacrum (Coc:2)
  An ogre (Vaults:5)
  3 alligator simulacra (IceCv)
  3 centaurs (D:15)
  11 necrophages
  4 deep troll simulacra (IceCv)
  2 earth elementals
  3 naga simulacra
  A wyvern skeleton (Crypt:3)
  A water moccasin skeleton (Crypt:2)
  A lindwurm simulacrum (IceCv)
  4 quasits
  4 orc priests
  An iron imp (Abyss:2)
  7 hell rats (Depths:1)
  9 mummies (Tomb:1)
  3 white imps
  2 ufetubi (Abyss:2)
  A lava snake skeleton (Crypt:2)
  2 orcs
  A lurking horror (Abyss:2)
  8 starspawn tentacles
1282 creatures vanquished.

Vanquished Creatures (others)
  A draconian knight (Zig:9)
  A fire giant (Depths:2)
  2 yaktaur captains
  2 caustic shrike simulacra
  A juggernaut simulacrum (Coc:2)
  A deep elf knight (Elf:2)
  A deep troll (Vaults:3)
  A mana viper (Snake:3)
  A vault sentinel (Vaults:3)
  A tormentor (Coc:2)
  A slime creature (Vaults:3)
  An iron dragon simulacrum (Coc:3)
  A water elemental (Zig:7)
  A fire elemental (Elf:3)
  A dire elephant simulacrum (Coc:3)
  A naga (Snake:3)
  3 harpy simulacra
  2 ettin simulacra
  2 naga simulacra
  A small abomination (Abyss:2)
  A demonic plant (Abyss:2)
  4 foxfires
  603 fulminant prisms
  150 fungi
  A lurking horror (Abyss:2)
  250 plants
  8 starspawn tentacles
  22 withered plants (Crypt:3)
1065 creatures vanquished.

Grand Total: 4175 creatures vanquished

Notes
Turn   | Place    | Note
-------+----------+-------------------------------------------
     0 | D:1      | SuperHamster the Octopode Conjurer began the quest for the
                  | Orb.
     0 | D:1      | Reached XP level 1. HP: 11/11 MP: 3/3
   250 | D:1      | Reached XP level 2. HP: 6/17 MP: 1/5
   611 | D:1      | Learned a level 2 spell: Searing Ray
   880 | D:1      | Reached XP level 3. HP: 21/21 MP: 3/6
   913 | D:1      | Found a faded altar of an unknown god.
   994 | D:1      | Reached skill level 5 in Conjurations
  1390 | D:2      | Noticed Jessica
  1395 | D:2      | Killed Jessica
  1396 | D:2      | Reached XP level 4. HP: 15/27 MP: 2/7
  1843 | D:2      | Noticed Sigmund
  2142 | D:2      | Reached XP level 5. HP: 23/31 MP: 0/8
  2639 | D:2      | Found a runed translucent door.
  2640 | D:2      | Noticed Crazy Yiuf
  3190 | D:3      | Found an iron altar of Okawaru.
  3199 | D:3      | Noticed Natasha
  3204 | D:3      | Killed Natasha
  3399 | D:3      | Noticed Natasha
  3402 | D:3      | Killed Natasha
  3688 | D:3      | Reached XP level 6. HP: 32/36 MP: 9/9
  4231 | D:3      | Identified the +2 ring mail "Isygolaesh" {SInv}
  4761 | D:3      | Noticed Natasha
  4769 | D:3      | Killed Natasha
  5112 | D:3      | Found an iron altar of Okawaru.
  5883 | D:3      | Learned a level 4 spell: Fulminant Prism
  6366 | D:4      | Noticed Eustachio
  6963 | D:4      | Noticed Robin
  6982 | D:3      | Reached XP level 7. HP: 20/41 MP: 4/10
  7375 | D:4      | Killed Robin
  7738 | D:4      | Killed Eustachio
  8381 | D:4      | Found a hazy altar of Hepliaklqana.
  8817 | D:5      | Entered Level 5 of the Dungeon
  9506 | D:5      | Reached XP level 8. HP: 45/46 MP: 2/11
  9772 | D:5      | Reached skill level 10 in Conjurations
 10721 | D:2      | Killed Sigmund
 10978 | D:2      | Killed Crazy Yiuf
 11206 | D:4      | Learned a level 4 spell: Iskenderun's Mystic Blast
 11471 | D:6      | Found a staircase to the Ecumenical Temple.
 11472 | D:6      | Found a sand-covered staircase.
 11528 | Ossuary  | Entered an ossuary
 12920 | Ossuary  | Reached XP level 9. HP: 51/51 MP: 8/12
 13785 | Temple   | Entered the Ecumenical Temple
 13881 | Temple   | Became a worshipper of Gozag Ym Sagoz the Greedy
 14203 | D:6      | Reached skill level 3 in Stealth
 14546 | D:6      | Found a broken altar of Ashenzari.
 14731 | D:6      | HP: 2/52 [something (5)]
 14733 | D:6      | Reached skill level 1 in Fighting
 15690 | D:6      | Reached skill level 4 in Stealth
 16331 | D:7      | Noticed an oklob plant
 16337 | D:7      | Found a transporter.
 16342 | D:7      | Found a transporter.
 16361 | D:7      | Noticed a cyclops
 16622 | D:7      | Found a snail-covered altar of Cheibriados.
 16753 | D:7      | Noticed Adrian566's ghost (novice OpFi)
 17268 | D:7      | Reached XP level 10. HP: 61/61 MP: 9/14
 17453 | D:7      | Noticed a two-headed ogre
 17861 | D:7      | Killed a two-headed ogre
 17862 | D:7      | Reached skill level 5 in Stealth
 18204 | D:8      | Found Doumnat's Distillery.
 19064 | D:8      | Found a sacrificial altar of Ru.
 19150 | D:8      | Noticed an unseen horror
 19248 | D:8      | Reached skill level 6 in Stealth
 19539 | D:8      | Killed an unseen horror
 19781 | D:8      | Noticed a kobold demonologist
 20061 | D:8      | Bought a potion of heal wounds for 70 gold pieces
 20061 | D:8      | Bought a potion of degeneration for 14 gold pieces
 20729 | D:8      | Killed a kobold demonologist
 21377 | D:9      | Reached skill level 1 in Shields
 21379 | D:9      | Noticed Prince Ribbit
 21736 | D:9      | Killed Prince Ribbit
 21737 | D:9      | Reached skill level 7 in Stealth
 21820 | D:9      | Reached XP level 11. HP: 68/70 MP: 4/17
 22154 | D:9      | Noticed Pikel
 22157 | D:9      | Killed Pikel
 22158 | D:9      | Reached skill level 5 in Dodging
 22973 | D:9      | Noticed a boulder beetle
 22999 | D:10     | Entered Level 10 of the Dungeon
 23910 | D:10     | Reached skill level 5 in Spellcasting
 24214 | D:9      | Found a bloodstained altar of Trog.
 24346 | D:9      | Killed a boulder beetle
 25178 | D:10     | Found a staircase to the Lair.
 25414 | D:10     | Reached skill level 5 in Fighting
 25556 | D:10     | Identified a scroll of acquirement
 25606 | Lair:1   | Entered Level 1 of the Lair of Beasts
 25652 | Lair:1   | Reached skill level 8 in Stealth
 25807 | Lair:1   | Noticed a four-headed hydra
 25813 | Lair:1   | Killed a four-headed hydra
 26313 | Lair:1   | You fall into a shaft and drop 1 floor!
 26348 | Lair:2   | Found a staircase to the Snake Pit.
 26563 | Lair:2   | Reached XP level 12. HP: 78/78 MP: 7/20
 26754 | Lair:1   | Reached skill level 9 in Stealth
 27410 | Lair:2   | Noticed a death yak
 27677 | Lair:2   | Noticed a death yak
 27693 | Lair:2   | Killed a death yak
 28027 | Lair:2   | Noticed a death yak
 28183 | Lair:2   | Noticed a death yak
 28201 | Lair:2   | Killed a death yak
 28202 | Lair:2   | Reached skill level 15 in Conjurations
 28338 | Lair:2   | Killed a death yak
 28756 | Lair:1   | Killed a death yak
 29406 | Lair:2   | Reached skill level 5 in Shields
 29765 | Lair:2   | Found a staircase to the Swamp.
 29868 | Lair:2   | Reached skill level 10 in Stealth
 30948 | Lair:2   | Identified the +4 dagger "Curuaw" {venom, rN+ Will+ Dex+4}
 31735 | Lair:2   | Reached XP level 13. HP: 85/85 MP: 12/23
 32337 | Lair:2   | Identified the +3 great sword "Plog" {vamp, Str+3 Dex+2
                  | SInv Stlth-}
 32370 | Lair:2   | Noticed Nergalle
 32691 | Lair:2   | Killed Nergalle
 33594 | Lair:3   | Reached skill level 11 in Stealth
 37094 | Lair:4   | Found a staircase to the Slime Pits.
 37748 | Lair:5   | Entered Level 5 of the Lair of Beasts
 37990 | Lair:5   | Reached XP level 14. HP: 89/94 MP: 1/25
 37992 | Lair:5   | Reached skill level 12 in Stealth
 39878 | Lair:5   | Identified the ring of Pytzusto {Wiz Str+2}
 40346 | D:10     | Acquired 795 gold pieces
 40350 | D:10     | Acquired the ring of Winter {rC+ rN+ Int+2}
 41652 | Lair:5   | Found a runed translucent door.
 45262 | D:11     | Reached skill level 13 in Stealth
 46236 | D:11     | Noticed Lodul
 46272 | D:11     | Killed Lodul
 46273 | D:11     | Reached XP level 15. HP: 101/101 MP: 15/27
 47276 | D:12     | Noticed Frances
 47415 | D:12     | Noticed Rupert
 47524 | D:10     | Bought a scroll of identify for 28 gold pieces
 47534 | D:10     | Bought the ring of Ycsocsu {rC++ rCorr Str+6 Int-3 Dex+8}
                  | for 1225 gold pieces
 47612 | Swamp:1  | Entered Level 1 of the Swamp
 48392 | Swamp:1  | Noticed Mlioglotl
 48899 | Swamp:1  | Killed Mlioglotl
 49594 | D:10     | Learned a level 4 spell: Passage of Golubria
 49596 | D:10     | Reached skill level 5 in Translocations
 49596 | D:10     | Reached XP level 16. HP: 108/108 MP: 29/29
 49597 | D:10     | Reached XP level 17. HP: 113/113 MP: 30/30
 49663 | Swamp:2  | You fall into a shaft and drop 1 floor!
 49663 | Swamp:3  | Noticed a tentacled monstrosity
 49670 | Swamp:3  | Identified Roxanne's Atlas of Transmutation
 49670 | Swamp:3  | Noticed Roxanne
 49921 | Swamp:2  | Identified the +3 ring mail "Ewioler" {+Blink}
 49949 | Swamp:2  | Noticed Louise
 50900 | Swamp:2  | Killed Louise
 51627 | Swamp:3  | Reached skill level 10 in Dodging
 51780 | Swamp:3  | Reached skill level 14 in Stealth
 53133 | Swamp:3  | Killed a tentacled monstrosity
 53774 | Swamp:3  | Killed Roxanne
 53922 | Swamp:4  | Entered Level 4 of the Swamp
 53945 | Swamp:3  | Learned a level 7 spell: Orb of Destruction
 54123 | Swamp:4  | Reached skill level 1 in Transmutations
 54123 | Swamp:4  | Reached skill level 1 in Earth Magic
 54542 | Swamp:4  | Learned a level 6 spell: Statue Form
 57575 | Swamp:4  | Got a decaying rune of Zot
 58160 | Swamp:4  | Reached skill level 5 in Transmutations
 58160 | Swamp:4  | Reached skill level 5 in Earth Magic
 58448 | Swamp:4  | Reached XP level 18. HP: 120/120 MP: 31/31
 59185 | Snake:1  | Entered Level 1 of the Snake Pit
 62875 | Snake:1  | Acquired the ring of Caleany {+Blink rF+}
 64136 | Snake:2  | Noticed Vashnia
 64225 | Snake:2  | Killed Vashnia
 65791 | Snake:2  | Found Cymiemp's Assorted Antiques.
 65793 | Snake:2  | Found Metwyst's Armour Emporium.
 65801 | Snake:2  | Found Daucliy's Jewellery Emporium.
 65801 | Snake:2  | Found Zufid's General Store.
 65832 | Snake:2  | Bought a knobbly copper ring for 195 gold pieces
 65852 | Snake:2  | Bought a scroll of summoning for 180 gold pieces
 65857 | Snake:2  | Bought a ring of willpower for 275 gold pieces
 68636 | Snake:4  | Entered Level 4 of the Snake Pit
 68648 | Snake:4  | Reached skill level 10 in Transmutations
 68648 | Snake:4  | Reached skill level 10 in Earth Magic
 68981 | Snake:4  | Learned a level 6 spell: Iron Shot
 70317 | Snake:4  | Found Donaqat's Book Shoppe.
 70319 | Snake:4  | Found Rustazif's Jewellery Boutique.
 70321 | Snake:4  | Found Zaemoewk's Book Shoppe.
 70348 | Snake:4  | Bought the amulet of Uqal {Acrobat rPois Will++} for 883
                  | gold pieces
 70565 | Snake:4  | Reached XP level 19. HP: 126/126 MP: 13/32
 74570 | Snake:4  | Got a serpentine rune of Zot
 74849 | Snake:4  | Upgraded the game from 0.30-a0-34-gbe8da3892a to
                  | 0.30-a0-50-gb2d611f6b1
 74850 | Snake:4  | Upgraded the game from 0.30-a0-50-gb2d611f6b1 to
                  | 0.30-a0-51-g784eafce7f
 74928 | Snake:2  | Bought a scroll of amnesia for 76 gold pieces
 75060 | D:11     | Killed Rupert
 75160 | D:12     | Killed Frances
 75161 | D:12     | Reached skill level 1 in Summonings
 75571 | D:12     | Found a staircase to the Orcish Mines.
 75624 | D:12     | Found an iron altar of Okawaru.
 76062 | Orc:1    | Entered Level 1 of the Orcish Mines
 76320 | Orc:1    | Found Fammasi's Magic Scroll Emporium.
 76329 | Orc:1    | Bought a scroll of immolation for 56 gold pieces
 76329 | Orc:1    | Bought a scroll of teleportation for 42 gold pieces
 76391 | Orc:2    | Entered Level 2 of the Orcish Mines
 76539 | Orc:2    | Reached skill level 5 in Summonings
 77109 | Orc:2    | Found Xiubiqea's Armour Boutique.
 77111 | Orc:2    | Found Biomapp's Weapon Boutique.
 77117 | Orc:2    | Found Fuilaqup's Antique Armour Emporium.
 77128 | Orc:2    | Found Wosawkunn's General Store.
 77156 | Orc:2    | Bought a potion of heal wounds for 60 gold pieces
 77368 | Orc:2    | Found a staircase to the Elven Halls.
 77878 | Orc:1    | Noticed Erolcha
 77880 | Orc:1    | Killed Erolcha
 78444 | Orc:1    | You fall into a shaft and drop 1 floor!
 78696 | D:13     | Noticed Maurice
 78704 | D:13     | Killed Maurice
 79785 | D:14     | Noticed Nessos
 79785 | D:14     | Found a gate to the Vaults.
 80619 | D:14     | Killed Nessos
 81675 | Vaults:1 | Entered Level 1 of the Vaults
 81819 | Vaults:1 | Reached XP level 20. HP: 132/132 MP: 21/33
 82602 | D:14     | Learned a level 7 spell: Spellforged Servitor
 82776 | Vaults:1 | Reached skill level 10 in Summonings
 83148 | Vaults:1 | Reached skill level 10 in Spellcasting
 85587 | Vaults:1 | Found Xanac's Antique Weapon Boutique.
 85632 | Vaults:1 | Identified the +3 dagger of Conservatism {vorpal, Will+
                  | rCorr Str+2 Dex-5}
 85952 | Vaults:2 | Reached skill level 10 in Fighting
 89549 | Vaults:2 | Reached skill level 15 in Stealth
 90833 | Vaults:3 | Reached XP level 21. HP: 138/138 MP: 22/35
 91134 | Vaults:3 | Reached skill level 10 in Shields
 91401 | Vaults:3 | Found a staircase to the Crypt.
 91930 | Vaults:3 | Noticed Xtahua
 91950 | Vaults:3 | Killed Xtahua
 92586 | Vaults:3 | Upgraded the game from 0.30-a0-51-g784eafce7f to
                  | 0.30-a0-54-g2e61a25929
 94659 | Vaults:3 | Reached skill level 16 in Stealth
 94890 | Vaults:3 | Upgraded the game from 0.30-a0-54-g2e61a25929 to
                  | 0.30-a0-56-ge6a4009bfd
 95571 | Vaults:4 | Identified the +6 hand axe of Kinuzoc {vorpal, rF++}
 98208 | Vaults:5 | Entered Level 5 of the Vaults
 98212 | Vaults:5 | Reached XP level 22. HP: 148/148 MP: 33/36
 98288 | Vaults:5 | Reached skill level 17 in Stealth
 99127 | Vaults:5 | Noticed a golden dragon
 99515 | Vaults:5 | Identified the ring of Fysiul {rCorr Str+2}
 99557 | Vaults:5 | Identified the +9 mace of Abuse {flame, rElec}
 99754 | Vaults:5 | Identified the +1 chain mail of the Zebra {Dex+4 Stlth+}
100091 | Vaults:5 | Noticed a dread lich
100104 | Vaults:5 | Killed a dread lich
100197 | Vaults:5 | Killed a golden dragon
100267 | Vaults:5 | Reached skill level 18 in Stealth
100531 | Vaults:4 | Upgraded the game from 0.30-a0-56-ge6a4009bfd to
                  | 0.30-a0-58-gc0703345a7
101056 | Vaults:5 | Reached skill level 15 in Earth Magic
101131 | Vaults:5 | Identified the +2 helmet of Chimes {*Slow Will+ Str+6 SInv}
101276 | Vaults:5 | Reached XP level 23. HP: 156/156 MP: 24/37
101372 | Vaults:5 | Noticed a dread lich
101394 | Vaults:5 | Killed a dread lich
101736 | Vaults:5 | Got a silver rune of Zot
101746 | Vaults:5 | Identified the +0 cloak of Asceticism {Will+ Int+2 Slay+2
                  | Stlth+}
102186 | Vaults:5 | Upgraded the game from 0.30-a0-58-gc0703345a7 to
                  | 0.30-a0-116-g3b1a8e4ee4
102195 | Vaults:5 | Learned a level 8 spell: Lehudib's Crystal Spear
102650 | Elf:1    | Entered Level 1 of the Elven Halls
103888 | Elf:1    | Found Iliday's Weapon Boutique.
104315 | Elf:1    | Got Dispater's Directory of Blows and Bruises and the
                  | Commander
104367 | Elf:1    | Found Cantyora's CLEARANCE SALE!.
104379 | Elf:1    | Bought a scroll of fear for 20 gold pieces
104379 | Elf:1    | Bought a scroll of magic mapping for 37 gold pieces
105245 | Elf:2    | Upgraded the game from 0.30-a0-116-g3b1a8e4ee4 to
                  | 0.30-a0-137-gd8773701ce
105445 | Elf:2    | Found a runed translucent gate.
105445 | Elf:2    | Found a runed translucent gate.
105449 | Elf:2    | Found a runed translucent gate.
105653 | Elf:2    | Reached skill level 19 in Stealth
107041 | Elf:3    | Entered Level 3 of the Elven Halls
107287 | Elf:3    | Found Sojaefok's Weapon Boutique.
107434 | Elf:3    | Paralysed by an air elemental for 1 turns
107443 | Elf:3    | Paralysed by an air elemental for 1 turns
108602 | Elf:3    | Identified the +0 kite shield of Zaobi {Harm rPois Str+2}
108698 | Elf:3    | Identified the +1 robe of Etyit {Str+4 SInv}
108700 | Elf:3    | Identified the +8 great sword of Sulphur {pain, *Noise
                  | rElec rC+++ Dex+4}
109079 | Elf:2    | Reached XP level 24. HP: 165/165 MP: 21/37
109293 | Elf:3    | Identified the +11 battleaxe of Uncertain Death {drain,
                  | +Blink rCorr Int+2}
109789 | Elf:3    | Identified the +1 leather armour of the Tentacled God
                  | {Int+6}
110067 | Elf:3    | Identified the +6 spear "Horec" {flame, rF+ rC++ Str-5}
110081 | Elf:3    | Got The Advanced Guide to Theurgy
110090 | Elf:3    | Got the Catalogue of Conjuring
110793 | D:10     | Learned a level 5 spell: Borgnjor's Vile Clutch
111119 | Crypt:1  | Entered Level 1 of the Crypt
111927 | Crypt:1  | Reached skill level 15 in Summonings
113363 | Crypt:1  | Reached skill level 20 in Stealth
113477 | Crypt:1  | Noticed a dread lich
113483 | Crypt:1  | Killed a dread lich
114075 | Crypt:2  | Noticed Zenata
114079 | Crypt:2  | Killed Zenata
114814 | Crypt:2  | Noticed Mennas
114826 | Crypt:2  | Identified the +10 short sword "Idygyc" {freeze, Drain rN+
                  | rCorr}
115665 | Crypt:1  | Killed Mennas
116288 | Crypt:3  | Entered Level 3 of the Crypt
117462 | Crypt:3  | Found a staircase to the Tomb.
117808 | Crypt:3  | Found a basalt altar of Yredelemnul.
118051 | Crypt:3  | Reached XP level 25. HP: 173/173 MP: 13/37
118053 | Crypt:3  | Reached skill level 15 in Dodging
118253 | Crypt:3  | Got the Directory of Assembled Battle Magic
118464 | Crypt:3  | Got Zaazoneb's Directory of Sinister Magic
118938 | Crypt:3  | Identified the amulet "Lituteza" {Acrobat Dex+3 Stlth+}
118971 | Crypt:3  | Identified the +0 tower shield of Damp Birdsong {Harm
                  | Rampage rElec Will-}
120152 | D:15     | Entered Level 15 of the Dungeon
120270 | D:15     | Found a frozen archway.
120276 | IceCv    | Entered an ice cave
120742 | IceCv    | Reached skill level 15 in Fighting
120834 | IceCv    | Identified the amulet of Odythry {Acrobat rF+ Int+2 Dex-3}
121203 | D:15     | Reached skill level 21 in Stealth
121720 | D:15     | Found a shadowy altar of Dithmenos.
122110 | D:15     | Found a staircase to the Depths.
122563 | Depths:1 | Entered Level 1 of the Depths
122578 | Depths:1 | Found a gateway to Hell.
122594 | Depths:1 | Found a one-way gateway to a ziggurat.
122618 | Depths:1 | Noticed Sojobo
122628 | Depths:1 | Killed Sojobo
122668 | Depths:1 | Noticed Bai Suzhen
122743 | Depths:1 | Found a magical portal.
122751 | WizLab   | Entered Eringya's Formal Garden
123742 | WizLab   | Found a blossoming altar of Fedhas.
124191 | Depths:1 | Found a stormy altar of Qazlal.
124671 | Depths:1 | Killed Bai Suzhen
125008 | Depths:2 | Reached skill level 15 in Shields
125628 | Depths:1 | Upgraded the game from 0.30-a0-137-gd8773701ce to
                  | 0.30-a0-140-gd1020e658a
125815 | Depths:2 | Reached XP level 26. HP: 181/181 MP: 26/37
125955 | Depths:2 | Reached skill level 1 in Necromancy
126113 | Depths:2 | Found a one-way gate leading to the halls of Pandemonium.
126531 | Depths:2 | Identified the +3 pair of boots of Wu Jian's Grace {Contam
                  | rC+++ rCorr Str+2}
127655 | Depths:2 | Reached skill level 22 in Stealth
128291 | Depths:3 | Found a bloodstained altar of Trog.
128718 | Depths:3 | Found a one-way gate to the infinite horrors of the Abyss.
129145 | Depths:3 | Found a blossoming altar of Fedhas.
129147 | Depths:3 | Found a radiant altar of Vehumet.
129147 | Depths:3 | Found an iron altar of Okawaru.
129149 | Depths:3 | Found a shimmering altar of Xom.
129149 | Depths:3 | Found a shimmering altar of Xom.
129149 | Depths:3 | Found a glowing golden altar of the Shining One.
129967 | Depths:3 | Noticed a juggernaut
129971 | Depths:3 | Noticed a juggernaut
129971 | Depths:3 | Killed a juggernaut
129983 | Depths:3 | Killed a juggernaut
130608 | Depths:4 | Entered Level 4 of the Depths
130910 | Depths:4 | Noticed a juggernaut
131213 | Depths:4 | Paralysed by a floating eye for 3 turns
131726 | Depths:4 | Reached skill level 5 in Necromancy
132378 | Depths:4 | Reached XP level 27. HP: 190/190 MP: 23/37
132659 | Depths:4 | Found a viscous altar of Jiyva.
132667 | Depths:4 | Found Zoesamn's Distillery.
132915 | Depths:4 | Killed a juggernaut
133358 | Depths:4 | Found a gate to the Realm of Zot.
133613 | Depths:4 | Reached skill level 23 in Stealth
134137 | Depths:4 | Found a runed translucent gate.
134137 | Depths:4 | Found a runed translucent gate.
134137 | Depths:4 | Found a runed translucent gate.
134139 | Depths:4 | Noticed Coqe's ghost (adept DrCj)
134140 | Depths:4 | Noticed Ryaff's ghost (adept FeVM)
134155 | Depths:4 | Noticed Oleutuy's ghost (veteran SpVM)
134753 | Zot:1    | Entered Level 1 of the Realm of Zot
136629 | Zot:1    | Reached skill level 10 in Necromancy
137408 | Zot:1    | Identified the +2 sling of Trial by Ordeal {venom, rN+
                  | Str+2 Dex+4}
137782 | Zot:2    | Noticed an orb of fire
137783 | Zot:2    | Gained mutation: You are occasionally teleported next to
                  | monsters. [an orb of fire]
137786 | Zot:1    | Lost mutation: You are occasionally teleported next to
                  | monsters. [potion of mutation]
137786 | Zot:1    | Gained mutation: One of your tentacles bears a spike.
                  | [potion of mutation]
137786 | Zot:1    | Gained mutation: You are partially covered in iridescent
                  | scales. (AC +2) [potion of mutation]
137786 | Zot:1    | Gained mutation: One of your tentacles bears a nasty spike.
                  | [potion of mutation]
138053 | D:10     | Learned a level 8 spell: Necromutation
138148 | Slime:1  | Entered Level 1 of the Pits of Slime
141489 | Slime:5  | Entered Level 5 of the Pits of Slime
141759 | Slime:5  | Gained mutation: Your muscles are strong. (Str +4, Int/Dex
                  | -1) [a shining eye]
141759 | Slime:5  | Noticed the Royal Jelly
141776 | Slime:5  | Killed the Royal Jelly
141939 | Slime:4  | Lost mutation: Your muscles are strong. (Str +4, Int/Dex
                  | -1) [potion of mutation]
141939 | Slime:4  | Lost mutation: One of your tentacles bears a nasty spike.
                  | [potion of mutation]
141939 | Slime:4  | Gained mutation: Your flesh is cold resistant. (rC+)
                  | [potion of mutation]
141939 | Slime:4  | Gained mutation: Your spells are a little harder to cast,
                  | but a little more powerful. [potion of mutation]
143013 | Slime:5  | Found the amulet of the Air {Inacc Air Fly rElec RMsl}
143016 | Slime:5  | Found the +7 Singing Sword {vorpal, sonic wave}
143031 | Slime:5  | Identified the +1 pair of boots of the Aged Visionaries
                  | {rElec rC- rCorr}
143050 | Slime:5  | Got Sif Muna's Parchment of Shapeshifting
143112 | Slime:5  | Got a slimy rune of Zot
143113 | Slime:5  | Identified the ring "Laemeip" {Ice rElec Will+++ Str-5
                  | Stlth-}
143115 | Slime:5  | Identified the +10 short sword "Trog's Scorn" {spect, rElec
                  | rPois rC+}
143136 | Slime:5  | Identified the +9 spear "Uruwont" {antimagic, rC+}
144138 | Zot:2    | Killed an orb of fire
144687 | Zot:2    | Noticed an orb of fire
144758 | Zot:2    | Killed an orb of fire
144763 | Zot:2    | Identified the ring of Egoysenk {Ice *Slow Int+4 Dex+4
                  | Stlth+}
144763 | Zot:2    | Noticed Josephina
144788 | Zot:2    | Killed Josephina
145511 | Zot:2    | Reached skill level 15 in Necromancy
146191 | Zot:3    | Reached skill level 15 in Transmutations
151312 | Zot:5    | Entered Level 5 of the Realm of Zot
152125 | Zot:5    | Noticed a dread lich
152129 | Zot:5    | Killed a dread lich
153203 | Tomb:1   | Entered Level 1 of the Tomb of the Ancients
154517 | Tomb:1   | Upgraded the game from 0.30-a0-140-gd1020e658a to
                  | 0.30-a0-141-g30f27751c5
156371 | Hell     | Entered the Vestibule of Hell
156371 | Hell     | Noticed Geryon
158345 | Hell     | Killed Geryon
159159 | Hell     | Found a gateway to the ashen valley of Gehenna.
159549 | Hell     | Found a gateway to the Iron City of Dis.
159812 | Hell     | Found a gateway to the freezing wastes of Cocytus.
159932 | Hell     | Found a gateway to the decaying netherworld of Tartarus.
160292 | Depths:1 | Upgraded the game from 0.30-a0-141-g30f27751c5 to
                  | 0.30-a0-168-g0b976cbdc4
160451 | D:10     | Bought a steaming great sword for 356 gold pieces
160451 | D:10     | Identified the +2 great sword "Zabry" {vorpal, *Slow rPois
                  | rCorr} (You bought it in a shop on level 10 of the Dungeon)
160451 | D:10     | Bought a scroll of amnesia for 124 gold pieces
160460 | D:10     | Bought the ring of Veull {Wiz rPois rF+ rC+} for 1159 gold
                  | pieces
160473 | D:10     | Bought a crude morningstar for 261 gold pieces
160473 | D:10     | Identified the +6 morningstar of Cety {elec, rF+} (You
                  | bought it in a shop on level 10 of the Dungeon)
160485 | D:10     | Bought a scroll of blinking for 142 gold pieces
160491 | D:10     | Bought a scroll of acquirement for 1196 gold pieces
160491 | D:10     | Acquired the +2 shield of Resistance {rF++ rC++ Will++}
160491 | D:10     | Found the +2 shield of Resistance {rF++ rC++ Will++}
160755 | Coc:1    | Entered Level 1 of Cocytus
160763 | Coc:1    | You are sucked into a shaft and drop 1 floor!
166537 | Coc:3    | Noticed an ancient lich
166584 | Coc:3    | Killed an ancient lich
167910 | Coc:4    | Paralysed by a wendigo for 1 turns
168244 | Depths:3 | Voluntarily entered the Abyss.
168776 | Depths:3 | Escaped the Abyss
168973 | Depths:3 | Voluntarily entered the Abyss.
169264 | Abyss:2  | Noticed a dread lich
169284 | Depths:3 | Escaped the Abyss
169814 | Depths:3 | Voluntarily entered the Abyss.
169831 | Abyss:2  | Found a corrupted altar of Lugonu.
169863 | Abyss:2  | Found a corrupted altar of Lugonu.
169863 | Abyss:2  | Found a corrupted altar of Lugonu.
169937 | Abyss:2  | Paralysed by accursed screaming for 1 turns
169939 | Abyss:2  | Paralysed by accursed screaming for 2 turns
170071 | Abyss:2  | Found a corrupted altar of Lugonu.
170126 | Depths:3 | Escaped the Abyss
170700 | Depths:3 | Voluntarily entered the Abyss.
170983 | Abyss:2  | Found a corrupted altar of Lugonu.
171292 | Depths:3 | Escaped the Abyss
171558 | Depths:3 | Voluntarily entered the Abyss.
172411 | Depths:3 | Escaped the Abyss
172736 | D:10     | Learned a level 8 spell: Ignition
172962 | Zig:1    | Entered Level 1 of a ziggurat
173052 | Zig:2    | Entered Level 2 of a ziggurat
173120 | Zig:3    | Entered Level 3 of a ziggurat
173138 | Zig:3    | Reached skill level 1 in Fire Magic
173233 | Zig:4    | Entered Level 4 of a ziggurat
173251 | Zig:4    | Reached skill level 1 in Evocations
173500 | Zig:5    | Entered Level 5 of a ziggurat
173901 | Zig:6    | Entered Level 6 of a ziggurat
173967 | Zig:6    | Identified the ring "Vuhait" {rF+ rN+ Int+4 Slay-6 Stlth+}
174115 | Zig:7    | Entered Level 7 of a ziggurat
174317 | Zig:8    | Entered Level 8 of a ziggurat
174327 | Zig:9    | Entered Level 9 of a ziggurat
174386 | Zig:9    | Reached skill level 5 in Fire Magic
174805 | Zig:10   | Entered Level 10 of a ziggurat
175052 | Zig:10   | Identified the ring of the City {rN+ Int+5 SInv}
175075 | Zig:10   | Acquired 439 gold pieces
175157 | Zig:11   | Entered Level 11 of a ziggurat
175178 | Zig:12   | Entered Level 12 of a ziggurat
175215 | Zig:12   | Noticed a dread lich
175240 | Zig:12   | Paralysed by a dread lich for 3 turns
175242 | Zig:12   | HP: 7/193 [eidolon (10)]
175245 | Zig:12   | Mangled by a death knight

Illustrated notes

Levels and vault maps discovered:
D:1:      dpeg_arrival_short_road, layout_loops_ring,
          chequers_ecumenical_altar_simple, feat_on_display
D:2:      layout_loops_ring, uniq_sigmund, uniq_jessica, uniq_crazy_yiuf_cottage
D:3:      layout_basic, amcnicky_altar_gilded, dk_noncrumbling_2, st_stairs_11,
          chequers_serial_rivers_micro_a, grunt_ministairs_13,
          grunt_decor_mini_mirrors, uniq_natasha
D:4:      layout_layer_cave, worldfamousw_hep_ancestral_shrine, uniq_robin,
          uniq_eustachio
D:5:      layout_basic
D:6:      black_bear_nest_1, layout_basic, ashenzari_altar_1,
          minmay_temple_entry_statues, enter_ossuary_3
D:7:      cheibrodos_helix_gallery, layout_basic, cheibrodos_worm_habitat,
          nzn_ghost_randoct
D:8:      cheibrodos_barr_body, layout_layer_cave, nicolae_ru_awakened_eye,
          serial_shops, shop_fountains, kennysheep_flooded_box, hex_large,
          nicolae_grassy_gnolls
D:9:      layout_rooms, lemuel_tele_altar, hangedman_decor_push,
          nzn_sisyphean_effort, uniq_prince_ribbit1, uniq_pikel
D:10:     layout_rooms, due_lair_maze_entry_diamond
D:11:     layout_loops_ring, elves_outpost_lemuel, uniq_lodul
D:12:     layout_loops_corners, orc_0_dummy, dk_noncrumbling_4, okawaru_trees_2,
          uniq_rupert, uniq_frances
D:13:     layout_irregular_city, uniq_maurice
D:14:     layout_loops_ring, david_vaults_3, minmay_misc_feat_five,
          serial_glass, glass_columns_b, glass_columns_c
D:15:     grunt_enter_depths_hoard, layout_loops_corners,
          portal_ice_cave_entry_pillars_1, minivault_16, grunt_dithmenos_smoke
Temple:   minmay_temple_bridge_d
Lair:1:   layout_loops_ring, serial_bayou_shore_b, infiniplex_staircase_pool
Lair:2:   regret_index_combs_of_tragedy, layout_loops_ring, swamp_mist,
          minmay_snake_entry_spellcaster, serial_bayou_shore_a, uniq_nergalle
Lair:3:   layout_loops_ring, grunt_megastairs_2, lemuel_fruit_fields
Lair:4:   layout_regular_city, dpeg_slime_entry_corner
Lair:5:   wormcave, layout_long_grid, guppyfry_lair_end_dragon
Swamp:1:  layout_basic_swamp, evilmike_swamp_ruin_house_3, uniq_mlioglotl
Swamp:2:  layout_falls_marsh, nicolae_swamp_dense_foliage,
          infiniplex_staircase_pool_2, uniq_louise
Swamp:3:  layout_falls_marsh, nicolae_swamp_trees_clearing, swamp_pool4,
          uniq_roxanne
Swamp:4:  swamp, layout_basic_swamp, nicolae_swamp_orc_logging_accident,
          swamp_pool1
Snake:1:  layout_gridlike
Snake:2:  layout_layer_cave, serial_bayou_lagoon_a,
          nicolae_snake_serpentine_bazaar, serial_bayou_shore_b,
          serial_bayou_shore_b, uniq_vashnia
Snake:3:  layout_misc_corridors
Snake:4:  minmay_snake_end_coiled, layout_cave_town, drop_trap,
          grunt_ministairs_10, grunt_megastairs_5, minmay_shop_grove
Slime:1:  layout_caves, basic_altar
Slime:2:  layout_caves
Slime:3:  layout_caves
Slime:4:  layout_caves
Slime:5
Orc:1:    layout_diamond_mine, serial_shops, shop_scrolls, uniq_erolcha
Orc:2:    st_orc_open, layout_caves, gauntlet_entry_generic,
          nicolae_orc_tapped_out
Elf:1:    minmay_elf_arrival_plus, layout_geoelf_grid, serial_shops,
          nicolae_diamond_shop, special_room [special_room_orc],
          minmay_elf_sorcery, nicolae_shop_clearance
Elf:2:    nicolae_elf_blades_splatter_lattice [nicolae_blade_entry_antechamber],
          layout_loops_corners, drop_trap, moated_statue, grunt_ministairs_1
Elf:3:    minmay_elf_hall_x, layout_gridlike, serial_shops, shop
Vaults:1: hangedman_vaults_river_flow, nicolae_vaults_hallways_thing,
          nicolae_vaults_network_periphery, v_misc_12, v_rooms_2,
          vaults_room_door_hall, vaults_mumra_hexcomb, vaults_room_pools,
          vaults_room_fancy_cross, ontoclasm_vaults_pinch,
          ontoclasm_vaults_claustrophobia, vaults_room_stairs_pillars,
          layout_vaults_maze_snakey, serial_shops, shop
Vaults:2: nicolae_vaults_puzzle_piece, ontoclasm_vaults_gateway, v_misc_11,
          v_misc_16, nicolae_vaults_network_barrier, v_rooms_3,
          hangedman_vaults_maws, v_pattern_5, vaults_room_hallway,
          ontoclasm_vaults_ring_large, st_more_cells,
          nicolae_vaults_little_squares_1, v_alt_pattern_4,
          layout_vaults_omnicross
Vaults:3: blue_anna_dwarven_crypt, nicolae_vaults_quartermaster,
          vaults_room_grid, nicolae_vaults_back_hallway, vaults_room_corners,
          nicolae_vaults_arrows, vaults_room_semicircle, v_misc_18,
          vaults_dpeg_hooks, nicolae_vaults_alarming, layout_vaults_omnigrid,
          uniq_xtahua
Vaults:4: ontoclasm_vaults_twist, st_eye, hangedman_vaults_slice,
          nicolae_vaults_diagonal_hallway_8, nicolae_vaults_three_branches,
          nicolae_vaults_specimen_jars, nicolae_vaults_mini_display_case,
          hangedman_vaults_slice, layout_vaults_chaotic_city
Vaults:5
Crypt:1:  layout_misc_corridors, evilmike_ambush [evilmike_ambush_outer_doors,
          evilmike_ambush_inner_pond], grunt_crypt_arrival_webbed,
          grunt_megastairs_3
Crypt:2:  layout_rooms, nicolae_crypt_little_mausoleum, uniq_mennas, uniq_zenata
Crypt:3:  evilmike_haunted_forest
Tomb:1
Depths:1: layout_cave_pools, enter_ziggurat_b, hell_entry, mu_enter_wizlab_6,
          nicolae_titane, grunt_ministairs_12, nicolae_qazlal_eye_of_the_storm,
          uniq_sojobo, uniq_bai_suzhen
Depths:2: kennysheep_large_spiral, layout_long_grid, grunt_mini_vestibule,
          serial_co_window_serial, co_window_corner_a, co_window_corner_a,
          co_window_corner_a, co_window_corner_a, co_window_corner_a,
          co_window_corner_b, co_window_corner_ca, co_window_corner_ca,
          co_window_4corner_a, co_window_4corner_b, pan_entry
Depths:3: minmay_nested_s, layout_gridlike, doesnt_xom_only_xom,
          abyss_entry_small_statue_room, pf_hell_entry_tar_spiral,
          argonaut_fire_from_heaven
Depths:4: evilmike_zot_entry_argh, layout_gridlike, serial_shops, shop,
          pan_entry, gammafunk_ghost_cemetery, pf_coc_iceberg, special_room
          [special_room_jelly], nicolae_concentric_dashed_squares_wild
Hell
Coc:1:    layout_cocytus_delve
Coc:2:    layout_ice_bergs
Coc:3:    layout_cocytus_delve
Coc:4:    layout_ice_bergs
Coc:5:    layout_ice_bergs
Zot:1:    layout_concentric_octagons, zot_minivault_1
Zot:2:    layout_onion_interference, uniq_josephina
Zot:3:    grunt_deathspiral_small, layout_concentric_octagons
Zot:4:    layout_basic, grunt_megastairs_1
Zot:5:    layout_gridville
Zig:12

Skill      XL: |  1  2  3  4  5  6  7  8  9 10 11 12 13 14 15 16 17 18 19 20 21 22 23 24 25 26 27 |
---------------+----------------------------------------------------------------------------------+-----
Conjurations   | 5 6 7 8 9 11 13 14 15 16 17 18 | 18.0
Stealth        | 4 7 8 10 11 13 14 15 16 18 19 20 21 22 23 | 23.9
Fighting       | 2 4 5 6 8 9 10 11 12 13 14 15 16 17 | 17.4
Dodging        | 3 4 6 7 8 9 10 12 13 14 15 16 17 | 17.6
Spellcasting   | 3 4 5 6 7 8 9 10 11 | 11.2
Shields        | 1 4 5 6 7 8 9 11 12 13 14 15 16 | 16.8
Translocations | 5 8 |  8.4
Transmutations | 5 10 12 19 | 19.5
Earth Magic    | 5 10 12 13 14 15 17 18 19 21 | 21.4
Summonings     | 9 11 12 13 14 15 16 | 16.2
Necromancy     | 5 19 | 19.5
Fire Magic     | 8 |  8.0
Evocations     | 2 |  2.1

Action                   |  1- 3 |  4- 6 |  7- 9 | 10-12 | 13-15 | 16-18 | 19-21 | 22-24 | 25-27 || total
-------------------------+-------+-------+-------+-------+-------+-------+-------+-------+-------++-------
Melee: Club              |     3 |    46 |    30 |     8 |       |       |       |       |       ||    87
       Tentacles         |    10 |     4 |     5 |    14 |    67 |    51 |   178 |    95 |   374 ||   798
       Short sword       |    26 |     1 |       |     4 |       |       |       |       |       ||    31
       Constrict         |     7 |     9 |     9 |     8 |    22 |    23 |    53 |    42 |   127 ||   300
       Punch             |     1 |       |       |     2 |     1 |     3 |    12 |     8 |    16 ||    43
       Spear             |       |       |       |    28 |       |       |       |       |       ||    28
       Dagger            |       |       |       |       |   168 |   135 |   450 |   225 |   851 ||  1829
       Hand axe          |       |       |       |       |       |       |       |    16 |       ||    16
       Kick              |       |       |       |       |       |       |       |       |   396 ||   396
       Double sword      |       |       |       |       |       |       |       |       |     1 ||     1
Throw: Dart              |       |       |       |       |       |     2 |       |       |       ||     2
 Cast: Magic Dart        |    17 |       |       |       |       |       |       |       |       ||    17
       Searing Ray       |     5 |    34 |    87 |    40 |    15 |    10 |       |       |       ||   191
       Fulminant Prism   |       |       |    22 |   192 |   280 |    76 |    35 |       |       ||   605
       Iskenderun's Myst |       |       |     1 |    30 |    62 |   108 |    74 |     5 |       ||   280
       Orb of Destructio |       |       |       |       |       |   204 |   134 |    23 |    74 ||   435
       Passage of Golubr |       |       |       |       |       |    11 |    23 |     1 |     4 ||    39
       Statue Form       |       |       |       |       |       |    22 |   181 |   154 |   264 ||   621
       Iron Shot         |       |       |       |       |       |     1 |   225 |   214 |    53 ||   493
       Spellforged Servi |       |       |       |       |       |       |    50 |   139 |   498 ||   687
       Borgnjor's Vile C |       |       |       |       |       |       |       |    44 |   106 ||   150
       Lehudib's Crystal |       |       |       |       |       |       |       |     1 |   128 ||   129
       Necromutation     |       |       |       |       |       |       |       |       |   192 ||   192
Invok: Call Merchant     |       |       |       |       |     3 |       |       |       |     9 ||    12
       Potion Petition   |       |       |       |       |       |       |       |       |    19 ||    19
 Abil: End Transformatio |       |       |       |       |       |       |     1 |     1 |     3 ||     5
Evoke: Wand              |       |       |       |    11 |     4 |       |     3 |       |     7 ||    25
       Phantom mirror    |       |       |       |       |       |       |       |       |     2 ||     2
       Phial of floods   |       |       |       |       |       |       |       |       |     1 ||     1
       Tin of tremorston |       |       |       |       |       |       |       |       |     3 ||     3
       Lightning rod     |       |       |       |       |       |       |       |       |     2 ||     2
       Condenser vane    |       |       |       |       |       |       |       |       |     2 ||     2
  Use: Scroll            |       |    10 |     2 |     8 |    13 |    12 |    18 |     6 |    29 ||    98
       Potion            |       |       |     1 |       |     3 |     5 |     2 |     3 |    11 ||    25
 Stab: Sleeping          |     7 |    10 |     2 |       |    11 |    10 |    41 |    16 |    35 ||   132
       Distracted        |       |     2 |       |     1 |     3 |     2 |     8 |     7 |    47 ||    70
       Paralysed         |       |       |       |     1 |       |       |       |       |       ||     1
Armor: Skin              |     1 |     3 |     4 |     9 |    29 |    96 |   553 |   247 |   961 ||  1903
Dodge: Dodged            |    17 |    51 |    88 |   133 |   229 |   351 |  1301 |   699 |  3102 ||  5971
       Repelled          |       |       |       |       |       |       |       |       |    20 ||    20
Block: Buckler           |       |       |       |    31 |    72 |   163 |   710 |   203 |    12 ||  1191
       Kite shield       |       |       |       |       |       |       |       |   271 |  2432 ||  2703

Table legend: (Time is in decaauts)
 A = Elapsed time spent in this place.
 B = Non-inter-level travel time spent in this place.
 C = Inter-level travel time spent in this place.
 D = Time resting spent in this place.
 E = Time spent auto-exploring this place.
 F = Levels seen in this place.
 G = Mean time per level.
                   A        B        C        D        E       F      G
               +--------+--------+--------+--------+--------+-----+--------+
         Total | 192619 | 184246 |   8373 |  70792 |  72747 |  84 | 2293.1 |
       Dungeon |  35639 |  33124 |   2515 |  13786 |  14569 |  15 | 2375.9 |
        Temple |    169 |     67 |    102 |      0 |     60 |   1 |  169.0 |
          Lair |  20664 |  19382 |   1282 |  10281 |   5589 |   5 | 4132.8 |
         Swamp |  11158 |  10788 |    370 |   6264 |   2179 |   4 | 2789.5 |
     Snake Pit |  17305 |  16933 |    372 |   8133 |   5358 |   4 | 4326.2 |
    Slime Pits |   6056 |   5907 |    149 |   2737 |   1508 |   5 | 1211.2 |
  Orcish Mines |   3119 |   2884 |    235 |   1340 |   1074 |   2 | 1559.5 |
   Elven Halls |   9675 |   9512 |    163 |   2092 |   4315 |   3 | 3225.0 |
        Vaults |  24320 |  23298 |   1022 |   5217 |  12267 |   5 | 4864.0 |
         Crypt |  10851 |  10482 |    369 |   2791 |   5633 |   3 | 3617.0 |
          Tomb |   2891 |   2755 |    136 |   1041 |    938 |   1 | 2891.0 |
        Depths |  19413 |  18527 |    886 |   6585 |   8432 |   4 | 4853.2 |
          Hell |   6039 |   5915 |    124 |   4582 |    807 |   1 | 6039.0 |
       Cocytus |   2604 |   2448 |    156 |    597 |    954 |   5 |  520.8 |
           Zot |  13500 |  13012 |    488 |   2845 |   6827 |   5 | 2700.0 |
         Abyss |   2600 |   2600 |      0 |    185 |     67 |   6 |  433.3 |
      Ziggurat |   2305 |   2305 |      0 |    685 |    944 |  12 |  192.1 |
       Ossuary |   1988 |   1988 |      0 |   1452 |     65 |   1 | 1988.0 |
      Ice Cave |    936 |    936 |      0 |    148 |    252 |   1 |  936.0 |
        Wizlab |   1378 |   1378 |      0 |     27 |    905 |   1 | 1378.0 |
               +--------+--------+--------+--------+--------+-----+--------+

Top non-repeatable levels by time:
 Snake:4: 7010 daAuts
Depths:3: 6914 daAuts
Vaults:3: 6141 daAuts
    Hell: 6039 daAuts
  Lair:2: 5681 daAuts
  Lair:5: 5435 daAuts
Vaults:1: 5153 daAuts
Vaults:5: 5009 daAuts
Depths:1: 4985 daAuts
 Crypt:1: 4750 daAuts
     D:3: 4610 daAuts
 Crypt:3: 4401 daAuts
 Swamp:3: 4376 daAuts
 Snake:2: 4238 daAuts
Vaults:2: 4102 daAuts
